| TOP OF THE 1ST |
|
Wichita Aeros batting - Pitching for Iowa Oaks : LHP Matt Young
|
|
Pitching: LHP Matt Young
|
|
|
Batting: LHB Jesus Ramos
|
0-0: Swinging Strike 0-1: Ball 1-1: Fly out, F7 (Flyball, 7D, EV 93.1 MPH)
|
|
Batting: RHB Greg Cypret
|
0-0: Ball 1-0: SOLO HOME RUN (Flyball, 7D, EV 88.1 MPH), Distance : 356 ft
|
|
Batting: LHB Omar Guerrero
|
0-0: Ball 1-0: Swinging Strike 1-1: Ground out 4-3 (Groundball, 4M, EV 102.5 MPH)
|
|
Batting: RHB Gary House
|
0-0: Foul Ball, location: 2F 0-1: Foul Ball, location: 2F 0-2: Ball 1-2: Ball 2-2: Fly out, F9 (Flyball, 89M, EV 92.5 MPH)
|
| Top of the 1st over - 1 run, 1 hit, 0 errors, 0 left on base; Wichita 1 - Iowa 0 |
| BOTTOM OF THE 1ST |
|
Iowa Oaks batting - Pitching for Wichita Aeros : RHP John Adams
|
|
Pitching: RHP John Adams
|
|
|
Batting: LHB Gary Jones
|
0-0: Foul Ball, location: 2F 0-1: Fly out, F7 (Flyball, 7D, EV 95.0 MPH)
|
|
Batting: SHB Michael Pace
|
0-0: Called Strike 0-1: Ball 1-1: Foul Ball, location: 2F 1-2: Ball 2-2: Ball 3-2: Base on Balls
|
|
Batting: SHB Rod Craig
|
0-0: Ball 1-0: Ball 2-0: 2-RUN HOME RUN (Flyball, 89XD, EV 106.9 MPH), Distance : 394 ft
|
|
Batting: LHB Donald Johnson
|
0-0: Ball 1-0: Called Strike 1-1: Ball 2-1: Foul Ball, location: 2F 2-2: Ball 3-2: SOLO HOME RUN (Flyball, 89XD, EV 90.6 MPH), Distance : 401 ft
|
|
Batting: RHB Dave F Schmidt
|
0-0: Called Strike 0-1: Ball 1-1: Called Strike 1-2: Foul Ball, location: 2F 1-2: Ball 2-2: Ground out 5-3 (Groundball, 56, EV 102.5 MPH)
|
|
Batting: RHB Edgar Flores
|
0-0: Ball 1-0: Called Strike 1-1: Ball 2-1: Swinging Strike 2-2: Ground out 5-3 (Groundball, 56, EV 85.6 MPH)
|
| Bottom of the 1st over - 3 runs, 2 hits, 0 errors, 0 left on base; Wichita 1 - Iowa 3 |
| TOP OF THE 2ND |
|
Wichita Aeros batting - Pitching for Iowa Oaks : LHP Matt Young
|
|
Batting: LHB Glenn Gulliver
|
0-0: Ball 1-0: Ball 2-0: Foul Ball, location: 2F 2-1: Ball 3-1: Base on Balls
|
|
Batting: SHB Gary Pettis
|
0-0: Called Strike 0-1: Fielders Choice at 2nd, 4-6 (Groundball, 4, EV 101.3 MPH)
|
|
Batting: RHB Bill Hayes
|
0-0: Ball 1-0: Fly out, F8 (Flyball, 8RM, EV 90.6 MPH)
|
|
Batting: LHB Jim F Weaver
|
0-0: Called Strike 0-1: Ball 1-1: Swinging Strike 1-2: Strikes out swinging
|
| Top of the 2nd over - 0 runs, 0 hits, 0 errors, 1 left on base; Wichita 1 - Iowa 3 |
| BOTTOM OF THE 2ND |
|
Iowa Oaks batting - Pitching for Wichita Aeros : RHP John Adams
|
|
Batting: RHB Jordan Arredondo
|
0-0: Ball 1-0: Swinging Strike 1-1: Foul Ball, location: 2F 1-2: Fly out, F8 (Line Drive, 8LM, EV 95.6 MPH)
|
|
Batting: LHB Bob Hamilton
|
0-0: Ball 1-0: SINGLE (Groundball, 4D, EV 105.0 MPH)
|
|
Batting: LHB Wayne Krenchicki
|
0-0: Called Strike 0-1: Ball 1-1: Ball 2-1: Foul Ball, location: 2F 2-2: Foul Ball, location: 2F 2-2: Strikes out swinging
|
|
Batting: LHB Gary Jones
|
0-0: Ball 1-0: Called Strike 1-1: Foul Ball, location: 2F 1-2: Strikes out swinging
|
| Bottom of the 2nd over - 0 runs, 1 hit, 0 errors, 1 left on base; Wichita 1 - Iowa 3 |
| TOP OF THE 3RD |
|
Wichita Aeros batting - Pitching for Iowa Oaks : LHP Matt Young
|
|
Batting: RHB Victor Mabee
|
0-0: Called Strike 0-1: Foul Ball, location: 2F 0-2: Ball 1-2: Strikes out looking
|
|
Batting: LHB Jesus Ramos
|
0-0: Ground out 5-3 (Groundball, 5, EV 80.6 MPH)
|
|
Batting: RHB Greg Cypret
|
0-0: Ball 1-0: Ball 2-0: Ball 3-0: Called Strike 3-1: Base on Balls
|
|
Batting: LHB Omar Guerrero
|
0-0: Foul Ball, location: 2F 0-1: Ball 1-1: Ball 2-1: Ball 3-1: Base on Balls Greg Cypret to second
|
|
Batting: RHB Gary House
|
0-0: Ball 1-0: Ball 2-0: Called Strike 2-1: Swinging Strike 2-2: Ball 3-2: SINGLE (Groundball, 56D, EV 95.0 MPH) Greg Cypret to third Omar Guerrero to second Greg Cypret scores Omar Guerrero to third
|
|
Batting: LHB Glenn Gulliver
|
0-0: Ball 1-0: Ball 2-0: Called Strike 2-1: Foul Ball, location: 2F 2-2: Ball 3-2: Foul Ball, location: 2F 3-2: Fly out, F7 (Flyball, 7D, EV 95.0 MPH)
|
| Top of the 3rd over - 1 run, 1 hit, 0 errors, 2 left on base; Wichita 2 - Iowa 3 |
| BOTTOM OF THE 3RD |
|
Iowa Oaks batting - Pitching for Wichita Aeros : RHP John Adams
|
|
Batting: SHB Michael Pace
|
0-0: Ball 1-0: Ball 2-0: Ball 3-0: Base on Balls
|
|
Batting: SHB Rod Craig
|
0-0: SINGLE (Groundball, 34, EV 103.8 MPH) Michael Pace to second Runner from 2nd tries for 3rd, SAFE, no throw by RF
|
|
Batting: LHB Donald Johnson
|
0-0: Called Strike 0-1: Ball 1-1: Ball 2-1: Ball Rod Craig is caught stealing 2nd base 2-6 3-1: Base on Balls
|
|
Batting: RHB Dave F Schmidt
|
0-0: Called Strike 0-1: Foul Ball, location: 2F 0-2: Fly out, F4 (Popup, 13, EV 71.9 MPH)
|
|
Batting: RHB Edgar Flores
|
0-0: Ball 1-0: Ball 2-0: Called Strike 2-1: Ball 3-1: Base on Balls Donald Johnson to second
|
|
Batting: RHB Jordan Arredondo
|
0-0: Fly out, F7 (Flyball, 78D, EV 96.9 MPH)
|
| Bottom of the 3rd over - 0 runs, 1 hit, 0 errors, 3 left on base; Wichita 2 - Iowa 3 |
| TOP OF THE 4TH |
|
Wichita Aeros batting - Pitching for Iowa Oaks : LHP Matt Young
|
|
Batting: SHB Gary Pettis
|
0-0: Ball 1-0: Fly out, F7 (Flyball, 7LS, EV 88.1 MPH)
|
|
Batting: RHB Bill Hayes
|
0-0: Called Strike 0-1: Ball 1-1: Ground out 4-3 (Groundball, 34, EV 85.0 MPH)
|
|
Batting: LHB Jim F Weaver
|
0-0: Called Strike 0-1: Swinging Strike 0-2: Ball 1-2: Ball 2-2: Ball 3-2: Fly out, F9 (Flyball, 9, EV 76.9 MPH)
|
| Top of the 4th over - 0 runs, 0 hits, 0 errors, 0 left on base; Wichita 2 - Iowa 3 |
| BOTTOM OF THE 4TH |
|
Iowa Oaks batting - Pitching for Wichita Aeros : RHP John Adams
|
|
Batting: LHB Bob Hamilton
|
0-0: Foul Ball, location: 2F 0-1: Swinging Strike 0-2: Ball 1-2: DOUBLE (Flyball, 8RXD, EV 94.4 MPH)
|
|
Batting: LHB Wayne Krenchicki
|
0-0: Ball 1-0: Swinging Strike 1-1: Ball 2-1: Foul Ball, location: 2F 2-2: Strikes out swinging
|
|
Batting: LHB Gary Jones
|
0-0: Ball 1-0: Foul Ball, location: 2F 1-1: Ground out 4-3 (Groundball, 13, EV 88.8 MPH) Bob Hamilton to third
|
|
Batting: SHB Michael Pace
|
0-0: Ball 1-0: Called Strike 1-1: Ball 2-1: Ball 3-1: Base on Balls
|
|
Batting: SHB Rod Craig
|
0-0: Ball 1-0: Ball 2-0: Ball 3-0: Called Strike 3-1: Ground out 6-3 (Groundball, 6S, EV 80.6 MPH)
|
| Bottom of the 4th over - 0 runs, 1 hit, 0 errors, 2 left on base; Wichita 2 - Iowa 3 |
| TOP OF THE 5TH |
|
Wichita Aeros batting - Pitching for Iowa Oaks : LHP Matt Young
|
|
Batting: RHB Victor Mabee
|
0-0: Called Strike 0-1: Ball 1-1: Foul Ball, location: 2F 1-2: Foul Ball, location: 2F 1-2: Fly out, F9 (Flyball, 9, EV 91.3 MPH)
|
|
Batting: LHB Jesus Ramos
|
0-0: Ball 1-0: DOUBLE (Line Drive, 7LM, EV 98.8 MPH)
|
|
Batting: RHB Greg Cypret
|
0-0: Called Strike 0-1: Swinging Strike 0-2: Ground out 6-3 (Groundball, 6, EV 85.0 MPH) Jesus Ramos to third
|
|
Batting: LHB Omar Guerrero
|
0-0: Called Strike 0-1: Called Strike 0-2: Strikes out looking
|
| Top of the 5th over - 0 runs, 1 hit, 0 errors, 1 left on base; Wichita 2 - Iowa 3 |
| BOTTOM OF THE 5TH |
|
Iowa Oaks batting - Pitching for Wichita Aeros : RHP John Adams
|
|
Batting: LHB Donald Johnson
|
0-0: Foul Ball, location: 2F 0-1: Called Strike 0-2: Ball 1-2: Fly out, F6 (Popup, 6M, EV 71.3 MPH)
|
|
Batting: RHB Dave F Schmidt
|
0-0: Ball 1-0: Swinging Strike 1-1: Foul Ball, location: 2F 1-2: SINGLE (Flyball, 78S, EV 98.8 MPH)
|
|
Batting: RHB Edgar Flores
|
0-0: Called Strike 0-1: Ball 1-1: Fielders Choice at 2nd, 6-4 (Groundball, 56, EV 85.6 MPH)
|
|
Batting: RHB Jordan Arredondo
|
0-0: Ball 1-0: Reached on error, E5 (Groundball, 56, EV 82.5 MPH) Edgar Flores to second
|
|
Batting: LHB Bob Hamilton
|
0-0: Fly out, F8 (Flyball, 8LS, EV 88.1 MPH)
|
| Bottom of the 5th over - 0 runs, 1 hit, 1 error, 2 left on base; Wichita 2 - Iowa 3 |
| TOP OF THE 6TH |
|
Wichita Aeros batting - Pitching for Iowa Oaks : LHP Matt Young
|
|
Batting: RHB Gary House
|
0-0: Ball 1-0: Ball 2-0: Ball 3-0: Called Strike 3-1: Foul Ball, location: 2F 3-2: Fly out, F7 (Flyball, 78D, EV 100.0 MPH)
|
|
Batting: LHB Glenn Gulliver
|
0-0: Called Strike 0-1: Called Strike 0-2: Ground out 4-3 (Groundball, 34D, EV 104.4 MPH)
|
|
Batting: SHB Gary Pettis
|
0-0: Ball 1-0: Foul Ball, location: 2F 1-1: Swinging Strike 1-2: Foul Ball, location: 2F 1-2: Ball 2-2: Ball 3-2: Base on Balls
|
|
Batting: RHB Bill Hayes
|
0-0: Called Strike Gary Pettis steals 2nd base (no throw) 0-1: Called Strike 0-2: Ball 1-2: Ball 2-2: Strikes out swinging
|
| Top of the 6th over - 0 runs, 0 hits, 0 errors, 1 left on base; Wichita 2 - Iowa 3 |
| BOTTOM OF THE 6TH |
|
Iowa Oaks batting - Pitching for Wichita Aeros : RHP John Adams
|
|
Batting: LHB Wayne Krenchicki
|
0-0: Called Strike 0-1: Swinging Strike 0-2: Ball 1-2: Foul Ball, location: 2F 1-2: Fly out, F7 (Flyball, 7, EV 91.9 MPH)
|
|
Batting: LHB Gary Jones
|
0-0: Ball 1-0: Foul Ball, location: 2F 1-1: Ball 2-1: Reached on error, E4 (Groundball, 4M, EV 103.1 MPH)
|
|
Batting: SHB Michael Pace
|
0-0: Called Strike 0-1: Ball 1-1: SINGLE (Line Drive, 7LS, EV 113.1 MPH) Gary Jones to third Runner from 3rd tries for Home, SAFE, throw by LF to home
|
|
Batting: SHB Rod Craig
|
0-0: Ball 1-0: Foul Ball, location: 2F 1-1: Ball 2-1: Foul Ball, location: 2F 2-2: Foul Ball, location: 2F 2-2: Foul Ball, location: 2F 2-2: Strikes out looking
|
|
Batting: LHB Donald Johnson
|
0-0: Swinging Strike 0-1: Ball Michael Pace is caught stealing 2nd base 2-6
|
| Bottom of the 6th over - 1 run, 1 hit, 1 error, 0 left on base; Wichita 2 - Iowa 4 |
| TOP OF THE 7TH |
|
Wichita Aeros batting - Pitching for Iowa Oaks : LHP Matt Young
|
|
Batting: LHB Jim F Weaver
|
0-0: Ball 1-0: Foul Ball, location: 2F 1-1: Ground out 5-3 (Groundball, 5, EV 93.1 MPH)
|
|
Batting: RHB Victor Mabee
|
0-0: Foul Ball, location: 2F 0-1: Ball 1-1: Foul Ball, location: 2F 1-2: Strikes out swinging, 2-3 out at first.
|
|
Batting: LHB Jesus Ramos
|
0-0: Ball 1-0: Called Strike 1-1: Ground out 4-3 (Groundball, 4MS, EV 90.0 MPH)
|
| Top of the 7th over - 0 runs, 0 hits, 0 errors, 0 left on base; Wichita 2 - Iowa 4 |
| BOTTOM OF THE 7TH |
|
Iowa Oaks batting - Pitching for Wichita Aeros : RHP John Adams
|
|
Batting: LHB Donald Johnson
|
0-0: Ball 1-0: SINGLE (Flyball, 78S, EV 93.8 MPH)
|
|
Batting: RHB Dave F Schmidt
|
0-0: Ball 1-0: Ball 2-0: Ball 3-0: Fly out, F8 (Flyball, 8RXD, EV 88.1 MPH)
|
|
Batting: RHB Edgar Flores
|
0-0: Ball 1-0: Called Strike 1-1: Called Strike 1-2: Strikes out swinging
|
|
Batting: RHB Jordan Arredondo
|
0-0: Fielders Choice at 2nd, 6-4 (Groundball, 6, EV 85.6 MPH)
|
| Bottom of the 7th over - 0 runs, 1 hit, 0 errors, 1 left on base; Wichita 2 - Iowa 4 |
| TOP OF THE 8TH |
|
Wichita Aeros batting - Pitching for Iowa Oaks : LHP Matt Young
|
|
Batting: RHB Greg Cypret
|
0-0: Ground out 5-3 (Groundball, 56S, EV 85.0 MPH)
|
|
Batting: LHB Omar Guerrero
|
0-0: Foul Ball, location: 2F 0-1: Foul Ball, location: 2F 0-2: Ball 1-2: SINGLE (Line Drive, 5D, EV 102.5 MPH)
|
|
Batting: RHB Gary House
|
0-0: Ball 1-0: Ball 2-0: Ball 3-0: Called Strike 3-1: Base on Balls Omar Guerrero to second
|
|
Batting: LHB Glenn Gulliver
|
0-0: Called Strike 0-1: Ball 1-1: Ball 2-1: Called Strike 2-2: Ball 3-2: Base on Balls Omar Guerrero to third Gary House to second
|
|
Batting: SHB Gary Pettis
|
0-0: Ball 1-0: Ball 2-0: Ball 3-0: Base on Balls Omar Guerrero scores Gary House to third Glenn Gulliver to second
|
|
Batting: RHB Bill Hayes
|
0-0: Ball 1-0: Ball 2-0: SINGLE (Line Drive, 34D, EV 98.1 MPH) Gary House scores Glenn Gulliver to third Gary Pettis to second
|
|
Batting: LHB Jim F Weaver
|
0-0: Grounds into fielders choice 3-2 (Groundball, 3, EV 80.0 MPH) Gary Pettis to third Bill Hayes to second
|
|
Batting: RHB Victor Mabee
|
0-0: Fly out, F8 (Flyball, 8LD, EV 95.0 MPH)
|
| Top of the 8th over - 2 runs, 2 hits, 0 errors, 3 left on base; Wichita 4 - Iowa 4 |
| BOTTOM OF THE 8TH |
|
Iowa Oaks batting - Pitching for Wichita Aeros : RHP John Adams
|
|
Batting: LHB Bob Hamilton
|
0-0: Ball 1-0: Fly out, F7 (Flyball, 7, EV 88.1 MPH)
|
|
Batting: LHB Wayne Krenchicki
|
0-0: Ball 1-0: Called Strike 1-1: Ball 2-1: Ball 3-1: Base on Balls
|
|
Batting: LHB Gary Jones
|
0-0: Called Strike 0-1: Ground out 4-3 (Groundball, 34, EV 104.4 MPH) Wayne Krenchicki to second
|
|
Batting: SHB Michael Pace
|
0-0: Ground out 4-3 (Groundball, 4, EV 83.1 MPH)
|
| Bottom of the 8th over - 0 runs, 0 hits, 0 errors, 1 left on base; Wichita 4 - Iowa 4 |
| TOP OF THE 9TH |
|
Wichita Aeros batting - Pitching for Iowa Oaks : LHP Matt Young
|
|
Pitching: RHP DeWayne Buice
|
|
|
Pinch Hitting: LHB Michael Barnes
|
0-0: Called Strike 0-1: Swinging Strike 0-2: Foul Ball, location: 2F 0-2: Foul Ball, location: 2F 0-2: Ground out 5-3 (Groundball, 5, EV 80.6 MPH)
|
|
Batting: RHB Greg Cypret
|
0-0: Foul Ball, location: 2F 0-1: Ball 1-1: Ball 2-1: Fly out, F8 (Flyball, 8LS, EV 74.4 MPH)
|
|
Batting: LHB Omar Guerrero
|
0-0: Swinging Strike 0-1: SINGLE (Groundball, 4D, EV 104.4 MPH)
|
|
Batting: RHB Gary House
|
0-0: Ball Omar Guerrero is caught stealing 2nd base 2-4
|
| Top of the 9th over - 0 runs, 1 hit, 0 errors, 0 left on base; Wichita 4 - Iowa 4 |
| BOTTOM OF THE 9TH |
|
Iowa Oaks batting - Pitching for Wichita Aeros : RHP John Adams
|
|
Now at 2B: Michael Barnes
|
|
|
Batting: SHB Rod Craig
|
0-0: Called Strike 0-1: Swinging Strike 0-2: Ground out 4-3 (Groundball, 4, EV 90.6 MPH)
|
|
Batting: LHB Donald Johnson
|
0-0: Called Strike 0-1: Swinging Strike 0-2: Foul Ball, location: 2F 0-2: Ball 1-2: Foul Ball, location: 2F 1-2: Strikes out swinging
|
|
Batting: RHB Dave F Schmidt
|
0-0: Called Strike 0-1: Swinging Strike 0-2: Foul Ball, location: 2F 0-2: Ball 1-2: Foul Ball, location: 2F 1-2: Fly out, F8 (Flyball, 8LXD, EV 85.0 MPH)
|
| Bottom of the 9th over - 0 runs, 0 hits, 0 errors, 0 left on base; Wichita 4 - Iowa 4 |
| TOP OF THE 10TH |
|
Wichita Aeros batting - Pitching for Iowa Oaks : RHP DeWayne Buice
|
|
Batting: RHB Gary House
|
0-0: Ball 1-0: Ball 2-0: Called Strike 2-1: Foul Ball, location: 2F 2-2: Foul Ball, location: 2F 2-2: Ball 3-2: Ground out 4-3 (Groundball, 4, EV 89.4 MPH)
|
|
Batting: LHB Glenn Gulliver
|
0-0: Ball 1-0: Ball 2-0: Swinging Strike 2-1: Ball 3-1: Base on Balls
|
|
Batting: SHB Gary Pettis
|
0-0: Fly out, F7 (Flyball, 7S, EV 86.9 MPH)
|
|
Pitching: RHP Sergio Peralta
|
|
|
Pinch Hitting: RHB Dave Hoenstine
|
0-0: Ball 1-0: Foul Ball, location: 2F 1-1: Ball 2-1: Ball 3-1: Swinging Strike 3-2: Fly out, F8 (Line Drive, 8RM, EV 107.5 MPH)
|
| Top of the 10th over - 0 runs, 0 hits, 0 errors, 1 left on base; Wichita 4 - Iowa 4 |
| BOTTOM OF THE 10TH |
|
Iowa Oaks batting - Pitching for Wichita Aeros : RHP John Adams
|
|
Pitching: RHP Joey McLaughlin
|
|
|
Now at C: Dave Stenhouse
|
|
|
Batting: RHB Edgar Flores
|
0-0: Swinging Strike 0-1: Ball 1-1: Ball 2-1: SINGLE (Line Drive, 9S, EV 93.8 MPH)
|
|
Batting: RHB Jordan Arredondo
|
0-0: Ball Edgar Flores steals 2nd base (no throw) 1-0: Ball 2-0: Ball 3-0: Called Strike 3-1: Swinging Strike 3-2: Fly out, F2 (Popup, 23F, EV 90.6 MPH)
|
|
Batting: LHB Bob Hamilton
|
0-0: Intentional Walk
|
|
Batting: LHB Wayne Krenchicki
|
0-0: Called Strike Edgar Flores steals 3rd base Bob Hamilton to second 0-1: Foul Ball, location: 2F 0-2: Ball 1-2: Fly out, F7 (Flyball, 78S, EV 89.4 MPH)
|
|
Batting: LHB Gary Jones
|
0-0: Intentional Walk
|
|
Batting: SHB Michael Pace
|
0-0: Ball 1-0: Ball 2-0: SINGLE (Groundball, 34D, EV 108.8 MPH) Edgar Flores scores
|
| Bottom of the 10th over - 1 run, 2 hits, 0 errors, 0 left on base; Wichita 4 - Iowa 5 |
|